 Dungeon Crawl Stone Soup version 0.30-a0-372-g0ce2686038 (webtiles) character file.

Game seed: 932551918744074319

224 Elric the Gusty (level 6, 0/32 HPs)
             Began as a Tengu Air Elementalist on Nov 23, 2022.
             Slain by a gnoll
             ... wielding a +0 vorpal spear
             ... led by a gnoll bouda
              (1 damage)
             ... on level 4 of the Dungeon.
             The game lasted 00:05:16 (3387 turns).

Elric the Gusty (Tengu Air Elementalist)            Turns: 3387, Time: 00:05:17

Health: 0/32       AC:  3    Str:  8    XL:     6   Next: 0%
Magic:  3/12       EV: 15    Int: 18    God:
Gold:   235        SH:  0    Dex: 14    Spells: 9/12 levels left

rFire   . . .      SeeInvis .    s - +0 whip
rCold   . . .      Faith    .    (no shield)
rNeg    . . .      Spirit   .    a - +0 robe
rPois   .          Reflect  .    (helmet restricted)
rElec   .          Harm     .    (no cloak)
rCorr   .          Rampage  .    h - +0 pair of gloves
Will    .....                    (boots unavailable)
Stlth   ++........               (no amulet)
HPRegen 0.25/turn                (no ring)
MPRegen 0.13/turn                (no ring)

@: flying quickly and evasively, quick
A: beak, talons 3, nimble flight
a: no special abilities


You were on level 4 of the Dungeon.
You visited 1 branch of the dungeon, and saw 4 of its levels.

You collected 235 gold pieces.

Inventory:

Hand Weapons
 s - a +0 whip (weapon)
Missiles
 t - 3 javelins
Armour
 a - a +0 robe (worn)
 h - a +0 pair of gloves (worn)
Scrolls
 c - 3 scrolls of magic mapping {unknown}
 d - 4 scrolls of identify {unknown}
 e - 2 scrolls of blinking {unknown}
 f - 2 scrolls of fear {unknown}
 g - a scroll of silence {unknown}
 i - a scroll of fog {unknown}
 k - 4 scrolls of noise {unknown}
 m - 2 scrolls of teleportation {unknown}
 p - a scroll of enchant weapon {unknown}
 q - a scroll of vulnerability {unknown}
 r - a scroll of summoning {unknown}
Potions
 b - a potion of magic
 j - 3 potions of curing {unknown}
 l - 2 potions of heal wounds {unknown}
 n - 2 potions of attraction {unknown}
 o - a potion of degeneration {unknown}


   Skills:
 - Level 2.3 Dodging
 - Level 2.1 Stealth
 + Level 3.5 Spellcasting
 + Level 4.3 Conjurations
 + Level 5.8 Air Magic


You had 9 spell levels left.
You knew the following spells:

 Your Spells              Type           Power      Damage    Failure   Level
a - Shock                 Conj/Air       84%        1d8       1%          1
b - Static Discharge      Conj/Air       42%        2-4/arc   2%          2

Your spell library contained the following spells:

 Spells                   Type           Power      Damage    Failure   Level
 Swiftness                Air            24%        N/A       4%          3
 Kiss of Death            Conj/Necr      44%        2d8       6%          1
 Airstrike                Air            12%        2d(2-18)  14%         4
 Slow                     Hex            12%        N/A       16%         1
 Confusing Touch          Hex            3%         N/A       43%         3
 Vampiric Draining        Necr           3%         2d6       43%         3
 Dispel Undead            Necr           3%         3d7       83%         4


Dungeon Overview and Level Annotations

Branches:
Dungeon (4/15)
 Temple: D:4-7

Altars:
Gozag


Innate Abilities, Weirdness & Mutations

You have a beak for a mouth.
You have claws for feet.
Your magical nature lets you fly swiftly and evasively.


Message History

Aiming: Shock (safe; 2% risk of failure)
Press: ? - help, Shift-Dir - straight line The zap hits the jelly.
You kill the jelly!
The zap hits the gnoll bouda.
The gnoll bouda is severely wounded.
Your attacks no longer feel as feeble.
Your Conjurations skill increases to level 4!
Casting: Shock (safe; 1% risk of failure)
Confirm with . or Enter, or press ? or * to list all spells.
The gnoll bouda is struck by an arc of lightning.
The gnoll bouda is severely wounded.
You are struck by an arc of lightning.
The gnoll bouda is struck by an arc of lightning.
The gnoll bouda is almost dead.
You are struck by an arc of lightning.
The lightning grounds out.
The gnoll bouda calls upon its god to heal the gnoll.
The gnoll's wounds heal themselves!
The gnoll misses you.
The gnoll bouda hits you with a +0 whip.
* * * LOW HITPOINT WARNING * * *
Casting: Static Discharge (safe; 3% risk of failure)
Confirm with . or Enter, or press ? or * to list all spells.
The gnoll bouda is struck by an arc of lightning.
You kill the gnoll bouda!
The gnoll is struck by an arc of lightning.
The gnoll is moderately wounded.
The gnoll is struck by an arc of lightning.
The gnoll is moderately wounded.
The gnoll is struck by an arc of lightning.
The gnoll is moderately wounded.
The lightning grounds out.
The gnoll hits you from afar with a +0 vorpal spear.
* * * LOW HITPOINT WARNING * * *
x2 You have reached level 6!
The gnoll hits you from afar with a +0 vorpal spear.
* * * LOW HITPOINT WARNING * * *
x2 The gnoll hits you from afar with a +0 vorpal spear.
* * * LOW HITPOINT WARNING * * *
You die...

#.# #.... #. #.#
#.#.. #. #.# #.#.#
#. #.# #.#.# #. #.#
#.#.# #. #.###.#.# #
#...#.#.#
########.#.#.#####
#..............@.###
#.######.#######.g.#
#)# #.# ###.# #)#
#.# #.# #.# #.# #.#
#[# #.# #.# #.# #.#
#g# # #.# #.#
#.#####.### ## #.#
.......#g........ ..


You could see a gnoll (swift).

Vanquished Creatures
  A jelly (D:4)
  A gnoll bouda (D:4)
  2 orc priests (D:4)
  A gnoll (D:1)
  2 adders
  3 worms
  4 dart slugs
  An orc (D:4)
  8 bats
  4 endoplasms
  5 giant cockroaches
  9 goblins
  4 hobgoblins
  4 kobolds
  3 quokkas
  3 ball pythons
  5 frilled lizards
  2 rats (D:1)
62 creatures vanquished.

Vanquished Creatures (others)
  3 plants (D:2)
3 creatures vanquished.

Grand Total: 65 creatures vanquished

Notes
Turn   | Place    | Note
-------+----------+-------------------------------------------
     0 | D:1      | Elric the Tengu Air Elementalist began the quest for the
                  | Orb.
     0 | D:1      | Reached XP level 1. HP: 10/10 MP: 4/4
   168 | D:1      | Reached XP level 2. HP: 15/15 MP: 4/6
   319 | D:1      | Reached XP level 3. HP: 19/19 MP: 0/7
   544 | D:1      | Learned a level 2 spell: Static Discharge
  1507 | D:2      | Found a faded altar of an unknown god.
  1582 | D:2      | Reached XP level 4. HP: 24/24 MP: 3/9
  2111 | D:2      | Reached skill level 5 in Air Magic
  2839 | D:3      | You fall into a shaft and drop 1 floor!
  2839 | D:4      | Found an opulent altar of Gozag.
  3211 | D:4      | Gained mutation: Your magical nature lets you fly swiftly
                  | and evasively. [Tengu growth]
  3211 | D:4      | Reached XP level 5. HP: 28/28 MP: 5/10
  3378 | D:4      | Reached XP level 6. HP: 4/32 MP: 2/12
  3378 | D:4      | HP: 1/32 [gnoll/+0 vorpal spear[a gnoll bouda] (1)]
  3387 | D:4      | HP: 1/32 [gnoll/+0 vorpal spear[a gnoll bouda] (2)]
  3387 | D:4      | Slain by a gnoll

Illustrated notes

Levels and vault maps discovered:
D:1:      dpeg_arrival_houses_and_road, layout_basic, minmay_pentomino_w2
D:2:      layout_basic, dreamdust_ecumenical_altar_grove,
          kennysheep_generic_room_5
D:3:      layout_basic, serial_curves, eino_curves_04, eino_curves_02,
          uniq_natasha
D:4:      layout_loops_ring, amcnicky_altar_gilded

Skill      XL: |  1  2  3  4  5 |
---------------+----------------+-----
Conjurations   | 2 3 4 |  4.3
Air Magic      | 5 |  5.8
Spellcasting   | 3 |  3.5
Dodging        | |  2.3
Stealth        | |  2.1

Action                   |  1- 3 |  4- 6 || total
-------------------------+-------+-------++-------
Melee: Unarmed           |    19 |    16 ||    35
       Punch             |     3 |     1 ||     4
       Peck              |     4 |     5 ||     9
       Kick              |     4 |     6 ||    10
       Whip              |       |     1 ||     1
 Cast: Shock             |    74 |    42 ||   116
       Static Discharge  |       |    20 ||    20
Armor: Robe              |    12 |     7 ||    19
Dodge: Dodged            |    25 |    24 ||    49

Table legend: (Time is in decaauts)
 A = Elapsed time spent in this place.
 B = Non-inter-level travel time spent in this place.
 C = Inter-level travel time spent in this place.
 D = Time resting spent in this place.
 E = Time spent auto-exploring this place.
 F = Levels seen in this place.
 G = Mean time per level.
                   A        B        C        D        E       F      G
               +--------+--------+--------+--------+--------+-----+--------+
         Total |   3378 |   3197 |    181 |     27 |   2727 |   4 |  844.5 |
       Dungeon |   3378 |   3197 |    181 |     27 |   2727 |   4 |  844.5 |
               +--------+--------+--------+--------+--------+-----+--------+

Top non-repeatable levels by time:
     D:1: 1368 daAuts
     D:2: 989 daAuts
     D:4: 540 daAuts
     D:3: 480 daAuts
